 Dungeon Crawl Stone Soup version 0.27-a0-1325-g58a489ad9e (webtiles) character file.

Game seed: 2238347761143504379

136 lunkers the Skirmisher (level 5, -9/85 HPs)
             Began as an Ogre Berserker on June 24, 2021.
             Was a Believer of Trog.
             Mangled by Duvessa (11 damage)
             ... on level 3 of the Dungeon.
             The game lasted 00:04:38 (2623 turns).

lunkers the Skirmisher (Ogre Berserker)             Turns: 2623, Time: 00:04:39

Health: -9/85      AC:  3    Str: 22    XL:     5   Next: 19%
Magic:  14/14      EV: 10    Int:  8    God:    Trog [**....]
Gold:   148        SH:  0    Dex:  8    Spells: 4/4 levels left

rFire    . . .     SeeInvis .   q - +0 morningstar
rCold    . . .     Faith    .   (no shield)
rNeg     + . .     Spirit   .   b - +0 animal skin
rPois    .         Reflect  .   (helmet restricted)
rElec    .         Harm     .   (no cloak)
rCorr    .         Rampage  .   (gloves unavailable)
Will     ++...                  (boots unavailable)
Stlth    ..........             (no amulet)
HPRegen  1.24/turn              c - ring of magical power
MPRegen  0.14/turn              u - ring of positive energy

@: berserking, strong-willed, regenerating, very quick
A: large, unfitting armour, tough skin 1
a: Renounce Religion, Berserk, Trog's Hand


You were on level 3 of the Dungeon.
You worshipped Trog.
Trog was pleased with you.
You visited 1 branch of the dungeon, and saw 4 of its levels.

You collected 148 gold pieces.

Inventory:

Hand Weapons
 a - a +0 mace
 q - a +0 morningstar (weapon)
Missiles
 d - 141 stones
Armour
 b - a +0 animal skin (worn)
Jewellery
 c - a ring of magical power (left hand)
 i - an amulet of faith
 j - a ring of see invisible
 m - a ring of wizardry
 t - an amulet of magic regeneration
 u - a ring of positive energy (right hand)
Wands
 w - a wand of paralysis (6)
Scrolls
 f - a scroll of teleportation {unknown}
 h - a scroll of noise {unknown}
 l - a scroll of amnesia {unknown}
 s - a scroll of identify {unknown}
Potions
 e - a potion of magic {unknown}
 g - a potion of curing {unknown}
 k - a potion of flight {unknown}
 n - 2 potions of mutation {unknown}
 o - a potion of attraction {unknown}
 p - a potion of haste {unknown}
 r - a potion of resistance {unknown}
 v - a potion of lignification {unknown}


   Skills:
 + Level 5.3 Fighting
 * Level 4.5 Maces & Flails
 - Level 2.6 Dodging


You had 4 spell levels left.
You didn't know any spells.
Your spell library was empty.

Dungeon Overview and Level Annotations

Branches:
Dungeon (4/15)
 Temple: D:4-7

Altars:
Ashenzari
Ru

Annotations:
D:3 2 runed translucent doors, Dowan; Duvessa; pigah's ghost, amateur OpWn


Innate Abilities, Weirdness & Mutations

You are too large for most types of armour.
You have tough skin. (AC +1)


Message History

There is a stone staircase leading down here.
Your skin crawls.
You feel strong-willed. Duvessa barely misses you.
Dowan hits you with a +0 dagger.
* * * LOW HITPOINT WARNING * * *
A red film seems to cover your vision as you go berserk!
You feel yourself moving faster!
You feel mighty! Duvessa hits you but does no damage.
Dowan hits you with a +0 dagger.
* * * LOW HITPOINT WARNING * * *
You completely miss Duvessa.
Duvessa is moderately wounded.
Duvessa hits you with a +0 short sword.
* * * LOW HITPOINT WARNING * * *
You hit Duvessa.
Duvessa is moderately wounded.
Dowan hits you with a +0 dagger.
* * * LOW HITPOINT WARNING * * *
Duvessa hits you with a +0 short sword.
* * * LOW HITPOINT WARNING * * *
You barely miss Duvessa.
Duvessa is moderately wounded.
Dowan hits you with a +0 dagger.
* * * LOW HITPOINT WARNING * * *
Duvessa hits you with a +0 short sword.
* * * LOW HITPOINT WARNING * * *
You closely miss Duvessa.
Duvessa is moderately wounded.
Dowan casts a spell at you. The puff of flame hits you!
* * * LOW HITPOINT WARNING * * *
You hit Duvessa but do no damage.
Duvessa is moderately wounded.
Duvessa hits you with a +0 short sword!
* * * LOW HITPOINT WARNING * * *
Dowan closely misses you.
Unknown command.
You puncture Duvessa!
Duvessa is severely wounded.
Duvessa hits you with a +0 short sword!
You die...

### #.# #.#
..###.# #.#
....#.# #.##
......# #..#
#....### ##.#
.......# #.#
#....#.#### #.#
..........# #e#
#.#######.# #@#
..# #.# #e# #.#
#.######.# #.#
#........# #.#
##.†.###### #.#
##.....##
..#####.......#
.............##
##.######...##


You could see Duvessa and Dowan.

Vanquished Creatures
  A scorpion (D:3)
  Ijyb (D:4)
  2 dart slugs (D:1)
  An orc (D:3)
  4 ball pythons
  3 endoplasms
  2 giant cockroaches
  4 goblins
  5 hobgoblins
  6 jackals (D:1)
  4 kobolds
  A quokka (D:2)
  3 bats
  2 frilled lizards (D:3)
  3 rats
42 creatures vanquished.

Vanquished Creatures (others)
  8 demonic plants (D:1)
  4 plants (D:1)
  6 withered plants (D:1)
18 creatures vanquished.

Grand Total: 60 creatures vanquished

Notes
Turn   | Place    | Note
-------+----------+-------------------------------------------
     0 | D:1      | lunkers the Ogre Berserker began the quest for the Orb.
     0 | D:1      | Reached XP level 1. HP: 24/24 MP: 1/1
   183 | D:1      | Reached XP level 2. HP: 27/32 MP: 2/2
   406 | D:1      | Found a faded altar of an unknown god.
  1030 | D:2      | Found a sacrificial altar of Ru.
  1063 | D:2      | Reached XP level 3. HP: 40/40 MP: 3/3
  1350 | D:2      | Reached ** piety under Trog
  1478 | D:3      | Found a broken altar of Ashenzari.
  1753 | D:3      | Found a runed translucent door.
  1756 | D:3      | Noticed pigah's ghost (amateur OpWn)
  1756 | D:3      | Noticed a bullfrog
  2374 | D:3      | Found a runed translucent door.
  2453 | D:4      | Noticed a scorpion
  2462 | D:3      | Killed a scorpion
  2463 | D:3      | Reached skill level 5 in Fighting
  2463 | D:3      | Reached XP level 4. HP: 50/50 MP: 4/4
  2549 | D:4      | Noticed Ijyb
  2561 | D:4      | Killed Ijyb
  2562 | D:4      | Reached XP level 5. HP: 57/57 MP: 5/5
  2598 | D:4      | Noticed Dowan
  2599 | D:4      | Noticed Duvessa
  2622 | D:3      | HP: 1/85 [Duvessa (12)]
  2623 | D:3      | Mangled by Duvessa

Illustrated notes

Levels and vault maps discovered:
D:1:      minmay_arrival_four_loops, layout_basic, shapermc_ecumenical_altar_gd
D:2:      layout_rooms, basic_altar
D:3:      layout_loops_ring, lemuel_round_altar, ebering_ghost_sewer_f,
          minivault_25
D:4:      layout_cave_pools, uniq_grinder, uniq_duvessa, uniq_ijyb

Skill      XL: |  1  2  3 |
---------------+----------+-----
Maces & Flails | 3 4 |  4.5
Fighting       | 5 |  5.3
Dodging        | |  2.6

Action                   |  1- 3 |  4- 6 || total
-------------------------+-------+-------++-------
Melee: Mace              |    91 |       ||    91
       Morningstar       |    20 |    23 ||    43
Invok: Berserk           |     2 |     2 ||     4
       Trog's Hand       |       |     2 ||     2
 Stab: Sleeping          |     1 |       ||     1
Armor: Animal skin       |    42 |     9 ||    51
Dodge: Dodged            |    66 |    13 ||    79

Table legend: (Time is in decaauts)
 A = Elapsed time spent in this place.
 B = Non-inter-level travel time spent in this place.
 C = Inter-level travel time spent in this place.
 D = Time resting spent in this place.
 E = Time spent auto-exploring this place.
 F = Levels seen in this place.
 G = Mean time per level.
                   A        B        C        D        E       F      G
               +--------+--------+--------+--------+--------+-----+--------+
         Total |   2683 |   2601 |     82 |    274 |   1927 |   4 |  670.8 |
       Dungeon |   2683 |   2601 |     82 |    274 |   1927 |   4 |  670.8 |
               +--------+--------+--------+--------+--------+-----+--------+

Top non-repeatable levels by time:
     D:3: 1049 daAuts
     D:1: 1022 daAuts
     D:2: 475 daAuts
     D:4: 136 daAuts
